| TOP OF THE 1ST |
|
Oakland Athletics batting - Pitching for Chicago White Sox : LHP Stacy Hootentootin
|
|
Pitching: LHP Stacy Hootentootin
|
|
|
Batting: RHB Jason May
|
0-0: Called Strike 0-1: Ball 1-1: DOUBLE (Line Drive, 89D, EV 106.2 MPH)
|
|
Batting: RHB Nick Gentzel
|
0-0: Ball 1-0: Ground out 4-3 (Groundball, 4M, EV 85.6 MPH) Jason May to third
|
|
Batting: RHB Muneo Kawachi
|
0-0: DOUBLE (Flyball, 89D, EV 105.0 MPH) Jason May scores
|
|
Batting: RHB Randy Shrewsbury
|
0-0: Foul Ball, location: 2F 0-1: Ball 1-1: Ball 2-1: Called Strike 2-2: Ball 3-2: Base on Balls
|
|
Batting: RHB Tommy Baird
|
0-0: Fielders Choice at 2nd, 5-4 (Groundball, 56, EV 85.0 MPH) Muneo Kawachi to third
|
|
Batting: SHB Quincy Bradford
|
0-0: Called Strike 0-1: Foul Ball, location: 2F 0-2: Ball 1-2: Strikes out swinging
|
| Top of the 1st over - 1 run, 2 hits, 0 errors, 2 left on base; Oakland 1 - Chicago 0 |
| BOTTOM OF THE 1ST |
|
Chicago White Sox batting - Pitching for Oakland Athletics : RHP Mike Pedigo
|
|
Pitching: RHP Mike Pedigo
|
|
|
Batting: SHB Alfie Bungledorf
|
0-0: Ball 1-0: Foul Ball, location: 2F 1-1: Ball 2-1: Foul Ball, location: 2F 2-2: Fly out, F7 (Flyball, 7D, EV 88.1 MPH)
|
|
Batting: LHB Sidney Pedder
|
0-0: Ground out 6-3 (Groundball, 6M, EV 80.0 MPH)
|
|
Batting: LHB Randy Rosenberry
|
0-0: Ball 1-0: Foul Ball, location: 2F 1-1: Foul Ball, location: 2F 1-2: Foul Ball, location: 2F 1-2: Ball 2-2: Ball 3-2: Ground out 4-3 (Groundball, 34, EV 83.1 MPH)
|
| Bottom of the 1st over - 0 runs, 0 hits, 0 errors, 0 left on base; Oakland 1 - Chicago 0 |
| TOP OF THE 2ND |
|
Oakland Athletics batting - Pitching for Chicago White Sox : LHP Stacy Hootentootin
|
|
Batting: LHB Tom Butterbaugh
|
0-0: Ball 1-0: Ball 2-0: Called Strike 2-1: Foul Ball, location: 2F 2-2: Ball 3-2: SINGLE (Flyball, 9LS, EV 88.1 MPH)
|
|
Batting: RHB Garry Hash
|
0-0: Ball 1-0: Foul Ball, location: 2F 1-1: Ball 2-1: Swinging Strike 2-2: Foul Ball, location: 2F 2-2: Ball 3-2: Base on Balls Tom Butterbaugh to second
|
|
Batting: SHB D.J. Codd
|
0-0: Called Strike 0-1: Foul Ball, location: 2F 0-2: Foul Ball, location: 2F 0-2: Foul Ball, location: 2F 0-2: SINGLE (Line Drive, 5D, EV 96.9 MPH) Tom Butterbaugh to third Garry Hash to second Runner from 3rd tries for Home, SAFE, throw by LF to home
|
|
Batting: RHB Jason May
|
0-0: Ball 1-0: Ball 2-0: Ball 3-0: Called Strike 3-1: Foul Ball, location: 2F 3-2: Strikes out swinging
|
|
Batting: RHB Nick Gentzel
|
0-0: Grounds into double play, 6-4-3 (Groundball, 6, EV 91.2 MPH)
|
| Top of the 2nd over - 1 run, 2 hits, 0 errors, 1 left on base; Oakland 2 - Chicago 0 |
| BOTTOM OF THE 2ND |
|
Chicago White Sox batting - Pitching for Oakland Athletics : RHP Mike Pedigo
|
|
Batting: RHB Joseph Disepolo
|
0-0: Ball 1-0: Ball 2-0: Ball 3-0: Called Strike 3-1: Base on Balls
|
|
Batting: SHB Bartholomeu Chambino
|
0-0: Ball 1-0: Ball 2-0: Foul Ball, location: 2F 2-1: Ball 3-1: Called Strike 3-2: Foul Ball, location: 2F 3-2: Fly out, F7 (Flyball, 78S, EV 80.0 MPH)
|
|
Batting: RHB Dietmar Warmisch
|
0-0: Called Strike 0-1: Ball 1-1: Called Strike 1-2: Ball 2-2: Foul Ball, location: 2F 2-2: SINGLE (Line Drive, 56, EV 107.5 MPH) Joseph Disepolo to second
|
|
Batting: SHB Gus Berry
|
0-0: Foul Ball, location: 2F 0-1: Ball 1-1: Ball 2-1: Ball 3-1: 3-RUN HOME RUN (Flyball, 89XD, EV 97.5 MPH), Distance : 394 ft
|
|
Batting: RHB Brad Boals
|
0-0: Ball 1-0: Foul Ball, location: 2F 1-1: SINGLE (Groundball, 56S, EV 69.4 MPH) (infield hit)
|
|
Batting: RHB Dieter Knoops
|
0-0: Ball 1-0: Foul Ball, location: 2F 1-1: SINGLE (Flyball, 34D, EV 88.1 MPH) Brad Boals to second
|
|
Batting: SHB Alfie Bungledorf
|
0-0: Ball 1-0: Ball 2-0: Foul Ball, location: 2F 2-1: Ball 3-1: Swinging Strike 3-2: Base on Balls Brad Boals to third Dieter Knoops to second
|
|
Batting: LHB Sidney Pedder
|
0-0: Called Strike 0-1: Ball 1-1: Swinging Strike 1-2: Ball 2-2: Foul Ball, location: 2F 2-2: Fly out, F9 (Flyball, 9LM, EV 77.5 MPH) Runner from 3rd tags up, OUT at HOME! 9-2
|
| Bottom of the 2nd over - 3 runs, 4 hits, 0 errors, 2 left on base; Oakland 2 - Chicago 3 |
| TOP OF THE 3RD |
|
Oakland Athletics batting - Pitching for Chicago White Sox : LHP Stacy Hootentootin
|
|
Batting: RHB Muneo Kawachi
|
0-0: Ball 1-0: Foul Ball, location: 2F 1-1: Swinging Strike 1-2: Ground out 6-3 (Groundball, 6M, EV 78.8 MPH)
|
|
Batting: RHB Randy Shrewsbury
|
0-0: Called Strike 0-1: Foul Ball, location: 2F 0-2: Ball 1-2: Strikes out swinging
|
|
Batting: RHB Tommy Baird
|
0-0: Called Strike 0-1: Ball 1-1: Called Strike 1-2: Ball 2-2: Fly out, F5 (Popup, 15, EV 75.6 MPH)
|
| Top of the 3rd over - 0 runs, 0 hits, 0 errors, 0 left on base; Oakland 2 - Chicago 3 |
| BOTTOM OF THE 3RD |
|
Chicago White Sox batting - Pitching for Oakland Athletics : RHP Mike Pedigo
|
|
Batting: LHB Randy Rosenberry
|
0-0: Ball 1-0: Ball 2-0: Foul Ball, location: 2F 2-1: Ball 3-1: Called Strike 3-2: Base on Balls
|
|
Batting: RHB Joseph Disepolo
|
0-0: Ball 1-0: Swinging Strike 1-1: Swinging Strike 1-2: Strikes out swinging
|
|
Batting: SHB Bartholomeu Chambino
|
0-0: Called Strike 0-1: Foul Ball, location: 2F 0-2: Ball 1-2: Ball Wild Pitch! Randy Rosenberry to second 2-2: Ball 3-2: Foul Ball, location: 2F 3-2: Strikes out swinging
|
|
Batting: RHB Dietmar Warmisch
|
0-0: Foul Ball, location: 2F 0-1: Foul Ball, location: 2F 0-2: Fly out, F9 (Flyball, 9LM, EV 96.2 MPH)
|
| Bottom of the 3rd over - 0 runs, 0 hits, 0 errors, 1 left on base; Oakland 2 - Chicago 3 |
| TOP OF THE 4TH |
|
Oakland Athletics batting - Pitching for Chicago White Sox : LHP Stacy Hootentootin
|
|
Batting: SHB Quincy Bradford
|
0-0: Swinging Strike 0-1: Swinging Strike 0-2: Ball 1-2: Ball 2-2: Foul Ball, location: 2F 2-2: Ball 3-2: Strikes out swinging
|
|
Batting: LHB Tom Butterbaugh
|
0-0: Ball 1-0: Called Strike 1-1: Hit by Pitch
|
|
Batting: RHB Garry Hash
|
0-0: Ball 1-0: Ball 2-0: Fly out, F3 (Popup, 34S, EV 86.9 MPH)
|
|
Batting: SHB D.J. Codd
|
0-0: Ball 1-0: Foul Ball, location: 2F 1-1: Ball 2-1: Ball 3-1: Fielders Choice at 2nd, 6-4 (Groundball, 6, EV 83.8 MPH)
|
| Top of the 4th over - 0 runs, 0 hits, 0 errors, 1 left on base; Oakland 2 - Chicago 3 |
| BOTTOM OF THE 4TH |
|
Chicago White Sox batting - Pitching for Oakland Athletics : RHP Mike Pedigo
|
|
Batting: SHB Gus Berry
|
0-0: Ball 1-0: Fly out, F9 (Line Drive, 9S, EV 90.6 MPH)
|
|
Batting: RHB Brad Boals
|
0-0: Ball 1-0: Swinging Strike 1-1: Hit by Pitch
|
|
Batting: RHB Dieter Knoops
|
0-0: Called Strike 0-1: Grounds into double play, 4-6-3 (Groundball, 4, EV 109.4 MPH)
|
| Bottom of the 4th over - 0 runs, 0 hits, 0 errors, 0 left on base; Oakland 2 - Chicago 3 |
| TOP OF THE 5TH |
|
Oakland Athletics batting - Pitching for Chicago White Sox : LHP Stacy Hootentootin
|
|
Batting: RHB Jason May
|
0-0: Called Strike 0-1: Foul Ball, location: 2F 0-2: Ball 1-2: Ball 2-2: Fly out, F4 (Flyball, 34D, EV 96.9 MPH)
|
|
Batting: RHB Nick Gentzel
|
0-0: Ground out 5-3 (Groundball, 5, EV 79.4 MPH)
|
|
Batting: RHB Muneo Kawachi
|
0-0: Called Strike 0-1: Ground out 6-3 (Groundball, 56, EV 106.2 MPH)
|
| Top of the 5th over - 0 runs, 0 hits, 0 errors, 0 left on base; Oakland 2 - Chicago 3 |
| BOTTOM OF THE 5TH |
|
Chicago White Sox batting - Pitching for Oakland Athletics : RHP Mike Pedigo
|
|
Batting: SHB Alfie Bungledorf
|
0-0: Swinging Strike 0-1: Fly out, F4 (Line Drive, 4, EV 63.1 MPH)
|
|
Batting: LHB Sidney Pedder
|
0-0: Ball 1-0: SINGLE (Groundball, 4D, EV 104.4 MPH)
|
|
Batting: LHB Randy Rosenberry
|
0-0: Ball 1-0: Ball 2-0: Foul Ball, location: 2F 2-1: Foul Ball, location: 2F 2-2: Ball 3-2: Fly out, F8 (Flyball, 8LXD, EV 85.6 MPH) Runner from 1st tags up, SAFE at 2nd
|
|
Batting: RHB Joseph Disepolo
|
0-0: Ball 1-0: Ball 2-0: Ball 3-0: Called Strike 3-1: Base on Balls
|
|
Batting: SHB Bartholomeu Chambino
|
0-0: Ball 1-0: Ball 2-0: Ball 3-0: Base on Balls Sidney Pedder to third Joseph Disepolo to second
|
|
Batting: RHB Dietmar Warmisch
|
0-0: Ball 1-0: Ball 2-0: Foul Ball, location: 2F 2-1: Foul Ball, location: 2F 2-2: Foul Ball, location: 2F 2-2: Foul Ball, location: 2F 2-2: Foul Ball, location: 2F 2-2: TRIPLE (Flyball, 89XD, EV 109.4 MPH) Sidney Pedder scores Joseph Disepolo scores Bartholomeu Chambino scores
|
|
Pitching: RHP Elijah Everett
|
|
|
Batting: SHB Gus Berry
|
0-0: Foul Ball, location: 2F 0-1: Foul Ball, location: 2F 0-2: Foul Ball, location: 2F 0-2: Foul Ball, location: 2F 0-2: Ball 1-2: Foul Ball, location: 2F 1-2: Foul Ball, location: 2F 1-2: Ground out 4-3 (Groundball, 4, EV 80.6 MPH)
|
| Bottom of the 5th over - 3 runs, 2 hits, 0 errors, 1 left on base; Oakland 2 - Chicago 6 |
| TOP OF THE 6TH |
|
Oakland Athletics batting - Pitching for Chicago White Sox : LHP Stacy Hootentootin
|
|
Batting: RHB Randy Shrewsbury
|
0-0: Ball 1-0: Called Strike 1-1: SINGLE (Groundball, 23, EV 68.8 MPH) (infield hit)
|
|
Batting: RHB Tommy Baird
|
0-0: Ball 1-0: Ball 2-0: Called Strike 2-1: SINGLE (Groundball, 56D, EV 105.0 MPH) (infield hit) Randy Shrewsbury to second
|
|
Batting: SHB Quincy Bradford
|
0-0: Ball 1-0: Foul Ball, location: 2F 1-1: Ball 2-1: Swinging Strike 2-2: Ball 3-2: Strikes out swinging
|
|
Pitching: RHP Riso Profanter
|
|
|
Batting: LHB Tom Butterbaugh
|
0-0: Ball 1-0: Ball 2-0: Ball 3-0: Fly out, F7 (Flyball, 78S, EV 93.1 MPH)
|
|
Batting: RHB Garry Hash
|
0-0: Called Strike 0-1: Foul Ball, location: 2F 0-2: Foul Ball, location: 2F 0-2: Foul Ball, location: 2F 0-2: Strikes out swinging
|
| Top of the 6th over - 0 runs, 2 hits, 0 errors, 2 left on base; Oakland 2 - Chicago 6 |
| BOTTOM OF THE 6TH |
|
Chicago White Sox batting - Pitching for Oakland Athletics : RHP Elijah Everett
|
|
Batting: RHB Brad Boals
|
0-0: Foul Ball, location: 2F 0-1: SINGLE (Line Drive, 9S, EV 110.6 MPH)
|
|
Batting: RHB Dieter Knoops
|
0-0: SINGLE (Line Drive, 6MD, EV 97.5 MPH) Brad Boals to second Runner from 2nd tries for 3rd, SAFE, throw by CF made to third
|
|
Batting: SHB Alfie Bungledorf
|
0-0: Called Strike 0-1: Foul Ball, location: 2F 0-2: Fly out, F8 (Flyball, 8RD, EV 101.9 MPH) Runner from 3rd tags up, SCORES, no throw by CF
|
|
Batting: LHB Sidney Pedder
|
0-0: Called Strike 0-1: Ball 1-1: Ball 2-1: Called Strike Dieter Knoops is caught stealing 2nd base 2-6 2-2: Ball 3-2: Base on Balls
|
|
Batting: LHB Randy Rosenberry
|
0-0: Called Strike Sidney Pedder is caught stealing 2nd base 2-6
|
| Bottom of the 6th over - 1 run, 2 hits, 0 errors, 0 left on base; Oakland 2 - Chicago 7 |
| TOP OF THE 7TH |
|
Oakland Athletics batting - Pitching for Chicago White Sox : RHP Riso Profanter
|
|
Batting: SHB D.J. Codd
|
0-0: Ball 1-0: Called Strike 1-1: Called Strike 1-2: Strikes out looking
|
|
Batting: RHB Jason May
|
0-0: Fly out, F8 (Flyball, 8LD, EV 101.9 MPH)
|
|
Batting: RHB Nick Gentzel
|
0-0: Called Strike 0-1: Foul Ball, location: 2F 0-2: Fly out, F6 (Popup, 6MD, EV 66.2 MPH)
|
| Top of the 7th over - 0 runs, 0 hits, 0 errors, 0 left on base; Oakland 2 - Chicago 7 |
| BOTTOM OF THE 7TH |
|
Chicago White Sox batting - Pitching for Oakland Athletics : RHP Elijah Everett
|
|
Batting: LHB Randy Rosenberry
|
0-0: Foul Ball, location: 2F 0-1: Ball 1-1: SOLO HOME RUN (Flyball, 7D, EV 96.2 MPH), Distance : 367 ft
|
|
Batting: RHB Joseph Disepolo
|
0-0: Swinging Strike 0-1: Ball 1-1: Swinging Strike 1-2: Ball 2-2: Ball 3-2: Base on Balls
|
|
Batting: SHB Bartholomeu Chambino
|
0-0: Called Strike 0-1: Ball 1-1: Swinging Strike 1-2: Strikes out swinging
|
|
Pitching: RHP Joe Bradford
|
|
|
Batting: RHB Dietmar Warmisch
|
0-0: Called Strike 0-1: Called Strike 0-2: Ball 1-2: Ball 2-2: Fly out, F8 (Flyball, 8RXD, EV 105.0 MPH)
|
|
Batting: SHB Gus Berry
|
0-0: Called Strike 0-1: Called Strike Joseph Disepolo steals 2nd base 0-2: Ball 1-2: Strikes out looking
|
| Bottom of the 7th over - 1 run, 1 hit, 0 errors, 1 left on base; Oakland 2 - Chicago 8 |
| TOP OF THE 8TH |
|
Oakland Athletics batting - Pitching for Chicago White Sox : RHP Riso Profanter
|
|
Batting: RHB Muneo Kawachi
|
0-0: Called Strike 0-1: Ball 1-1: Called Strike 1-2: Ball 2-2: Ground out 6-3 (Groundball, 6, EV 103.1 MPH)
|
|
Batting: RHB Randy Shrewsbury
|
0-0: Ball 1-0: Ball 2-0: Fly out, F7 (Flyball, 78S, EV 87.5 MPH)
|
|
Batting: RHB Tommy Baird
|
0-0: Called Strike 0-1: Called Strike 0-2: Ball 1-2: Ball 2-2: Ball 3-2: Strikes out swinging
|
| Top of the 8th over - 0 runs, 0 hits, 0 errors, 0 left on base; Oakland 2 - Chicago 8 |
| BOTTOM OF THE 8TH |
|
Chicago White Sox batting - Pitching for Oakland Athletics : RHP Joe Bradford
|
|
Batting: RHB Brad Boals
|
0-0: Ball 1-0: Ball 2-0: Called Strike 2-1: Foul Ball, location: 2F 2-2: SOLO HOME RUN (Flyball, 78XD, EV 101.2 MPH), Distance : 398 ft
|
|
Batting: RHB Dieter Knoops
|
0-0: Foul Ball, location: 2F 0-1: Ball 1-1: Ground out 6-3 (Groundball, 6S, EV 81.9 MPH)
|
|
Batting: SHB Alfie Bungledorf
|
0-0: Ball 1-0: Ground out 5-3 (Groundball, 5, EV 91.2 MPH)
|
|
Batting: LHB Sidney Pedder
|
0-0: Ball 1-0: Ball 2-0: Ball 3-0: Base on Balls
|
|
Batting: LHB Randy Rosenberry
|
0-0: Foul Ball, location: 2F 0-1: Foul Ball, location: 2F 0-2: SINGLE (Line Drive, 8LS, EV 98.1 MPH) Sidney Pedder to second Throwing error, E8 Sidney Pedder scores Randy Rosenberry to second
|
|
Batting: RHB Joseph Disepolo
|
0-0: Ball 1-0: Called Strike 1-1: Swinging Strike 1-2: Foul Ball, location: 2F 1-2: Foul Ball, location: 2F 1-2: Foul Ball, location: 2F 1-2: Ball 2-2: Ball 3-2: Base on Balls
|
|
Batting: SHB Bartholomeu Chambino
|
0-0: Ball 1-0: Foul Ball, location: 2F 1-1: Called Strike 1-2: Foul Ball, location: 2F 1-2: Ball 2-2: Strikes out looking
|
| Bottom of the 8th over - 2 runs, 2 hits, 1 error, 2 left on base; Oakland 2 - Chicago 10 |
| TOP OF THE 9TH |
|
Oakland Athletics batting - Pitching for Chicago White Sox : RHP Riso Profanter
|
|
Batting: SHB Quincy Bradford
|
0-0: Ball 1-0: Fly out, F9 (Line Drive, 9, EV 88.1 MPH)
|
|
Batting: LHB Tom Butterbaugh
|
0-0: Ball 1-0: Ball 2-0: SINGLE (Groundball, 56D, EV 108.1 MPH)
|
|
Pitching: LHP Rhett Beers
|
|
|
Batting: RHB Garry Hash
|
0-0: Called Strike 0-1: Ground out 4-3 (Groundball, 34D, EV 110.0 MPH) Tom Butterbaugh to second
|
|
Batting: SHB D.J. Codd
|
0-0: Ball 1-0: Swinging Strike 1-1: Ball 2-1: Foul Ball, location: 2F 2-2: Ball 3-2: Strikes out swinging
|
| Top of the 9th over - 0 runs, 1 hit, 0 errors, 1 left on base; Oakland 2 - Chicago 10 |
|